 Dungeon Crawl Stone Soup version 0.22-a0-283-g1871b15 (webtiles) character file.

240 grindst0ne the Skirmisher (level 6, -4/60 HPs)
             Began as a Kobold Berserker on Mar 19, 2018.
             Was a Priest of Trog.
             Slain by Menkaure (14 damage)
             ... on level 4 of the Dungeon.
             The game lasted 00:04:01 (2447 turns).

grindst0ne the Skirmisher (Kobold Berserker)        Turns: 2447, Time: 00:04:02

Health: -4/60      AC: 15    Str: 20    XL:     6   Next: 29%
Magic:  6/6        EV: 17    Int:  9    God:    Trog [***...]
Gold:   102        SH:  0    Dex: 19    Spells: 5/5 levels left

rFire    . . .     SeeInvis .   y - +2 flail (protect)
rCold    . . .     Gourm    .   (shield restricted)
rNeg     . . .     Faith    .   u - +0 ring mail
rPois    .         Spirit   .   (no helmet)
rElec    .         Reflect  .   l - +2 cloak
rCorr    .         Harm     .   (no gloves)
MR       .....                  (no boots)
Stlth    ..........             (no amulet)
HPRegen  0.20/turn              n - +4 ring of dexterity
MPRegen  0.10/turn              (no ring)

@: berserking, protection aura, very quick
A: small, carnivore
a: Berserk, Trog's Hand, Renounce Religion


You were on level 4 of the Dungeon.
You worshipped Trog.
Trog was most pleased with you.
You were very full.

You visited 1 branch of the dungeon, and saw 4 of its levels.

You collected 102 gold pieces.

Inventory:

Hand Weapons
 a - a +0 hand axe
 y - a +2 flail of protection (weapon)
Armour
 b - a +0 animal skin
 e - a scarf of resistance
 l - a +2 cloak (worn)
 u - a +0 ring mail (worn)
Jewellery
 n - a +4 ring of dexterity (left hand)
Scrolls
 d - a scroll of fear {unknown}
 h - a scroll of immolation {unknown}
 j - a scroll of remove curse {unknown}
 o - 2 scrolls of teleportation {unknown}
 p - 5 scrolls of identify {unknown}
 q - a scroll of amnesia {unknown}
 t - a scroll of enchant armour {unknown}
 w - a scroll of magic mapping {unknown}
 x - a scroll of enchant weapon {unknown}
Potions
 f - a potion of mutation {unknown}
 g - a potion of heal wounds {unknown}
 i - a potion of curing {unknown}
 k - a potion of brilliance {unknown}
 r - a potion of cancellation {unknown}
 s - a potion of flight {unknown}
 v - 2 potions of resistance {unknown}
Comestibles
 c - 6 rations


   Skills:
 + Level 5.5 Fighting
 - Level 2.4 Axes
 + Level 0.3(1.6) Maces & Flails
 - Level 1.5 Armour
 + Level 5.4 Dodging


You had 5 spell levels left.
You didn't know any spells.

Dungeon Overview and Level Annotations

Branches:
Dungeon (4/15)
 Temple: D:4-7

Altars:
Elyvilon

Annotations:
D:3 2 transporters
D:4 Menkaure


Innate Abilities, Weirdness & Mutations

You are small and have problems with some larger weapons.
You are carnivorous and can eat meat at any time.


Message History

Your weapon exudes an aura of protection.
You kill the orc!
Trog accepts your kill. The orc closely misses you.
You sock Menkaure!
Menkaure is moderately damaged.
Menkaure points at you and mumbles some strange words.
Pain shoots through your body!
* * * LOW HITPOINT WARNING * * *
The orc closely misses you.
You completely miss Menkaure.
Menkaure is moderately damaged.
Menkaure points at you and mumbles some strange words.
Pain shoots through your body!
* * * LOW HITPOINT WARNING * * *
The orc barely misses you.
You hit Menkaure.
Menkaure is heavily damaged.
Menkaure hits you!
You die...

...# #..# ...#
#..# #..# . #
#..# ...
#.####..#...#Z
#.oM@o).).....
#.####..#..##.
.. ...# # #..
##.## #.. #$#
#. ... # ...
#.#


You could see Menkaure, an orc wizard and an orc.

Vanquished Creatures
  A centaur (D:3)
  An orc wizard (D:3)
  A worker ant (D:4)
  2 adders (D:3)
  An ooze (D:3)
  An adder skeleton (D:4)
  A worm (D:2)
  A dart slug (D:1)
  A leopard gecko (D:1)
  9 orcs
  A giant cockroach (D:4)
  2 goblins
  4 hobgoblins
  14 jackals
  8 kobolds
  2 quokkas (D:3)
  A ball python (D:3)
  10 bats
  6 frilled lizards
  A quokka skeleton (D:3)
  11 rats
79 creatures vanquished.

Notes
Turn   | Place    | Note
-------+----------+-------------------------------------------
     0 | D:1      | grindst0ne the Kobold Berserker began the quest for the Orb.
     0 | D:1      | Reached XP level 1. HP: 14/14 MP: 1/1
   124 | D:1      | Reached XP level 2. HP: 12/19 MP: 2/2
   493 | D:1      | Reached XP level 3. HP: 18/24 MP: 3/3
   852 | D:2      | Reached ** piety under Trog
   858 | D:2      | Found a white marble altar of Elyvilon.
  1262 | D:3      | Reached XP level 4. HP: 23/29 MP: 4/4
  1477 | D:3      | Found a transporter.
  1532 | D:3      | Found a transporter.
  1731 | D:3      | Reached *** piety under Trog
  1909 | D:3      | Noticed a centaur
  1919 | D:3      | Killed a centaur
  1919 | D:3      | Reached skill level 5 in Fighting
  1919 | D:3      | Reached skill level 5 in Dodging
  1919 | D:3      | Reached XP level 5. HP: 35/35 MP: 5/5
  2076 | D:4      | Reached XP level 6. HP: 40/40 MP: 6/6
  2087 | D:4      | Noticed Menkaure
  2447 | D:4      | Slain by Menkaure

Vault maps used:
D:1:      giann_wishing_wells
D:2:      dk_noncrumbling_3, elyvilon_altar_5
D:3:      gammafunk_wand_slinger
D:4:      serial_bayou_pond_d, uniq_natasha, uniq_menkaure

Skill      XL: |  1  2  3  4 |
---------------+-------------+-----
Dodging        | 3 5 |  5.4
Fighting       | 4 5 |  5.5
Axes           | |  2.4
Maces & Flails | |  0.3
Armour         | |  1.5

Action                   |  1- 3 |  4- 6 || total
-------------------------+-------+-------++-------
Melee: Hand axe          |   108 |   129 ||   237
       Flail             |       |    10 ||    10
Invok: Berserk           |     1 |     3 ||     4
 Stab: Sleeping          |     3 |     2 ||     5
  Eat: Chunk             |    10 |     6 ||    16
Armor: Animal skin       |    23 |    21 ||    44
       Ring mail         |       |    28 ||    28
Dodge: Dodged            |    86 |   139 ||   225

Table legend:
 A = Spawn XP
 B = Non-spawn XP
 C = Spawn XP percentage of total XP
 D = Spawn monster count
 E = Non-spawn monster count
 F = Spawn count percentage of total count
 G = Total turns spent on level
                    A         B        C        D         E        F      G
               +---------+---------+-------+---------+---------+-------+---------
         Total |       0 |     343 |   0.0 |       0 |      79 |   0.0 |  2447
               +---------+---------+-------+---------+---------+-------+---------
           D:1 |       0 |      35 |   0.0 |       0 |      20 |   0.0 |   655
           D:2 |       0 |      27 |   0.0 |       0 |      18 |   0.0 |   591
           D:3 |       0 |     217 |   0.0 |       0 |      29 |   0.0 |  1150
           D:4 |       0 |      64 |   0.0 |       0 |      12 |   0.0 |    51
               +---------+---------+-------+---------+---------+-------+---------
